 Dungeon Crawl Stone Soup version 0.30.1-4-g462c640d31 (webtiles) character file.

Game seed: 9495909154442735023

1154 Kurtz the Cleaver (level 8, -1/46 HPs)
             Began as a Tengu Fighter on Sept 18, 2023.
             Slain by a killer bee (7 damage)
             ... on level 5 of the Dungeon.
             The game lasted 00:05:13 (4707 turns).

Kurtz the Cleaver (Tengu Fighter)                   Turns: 4707, Time: 00:05:13

Health: -1/46      AC: 11    Str: 18    XL:     8   Next: 38%
Magic:  9/9        EV:  6    Int:  9    God:
Gold:   537        SH:  5    Dex: 14    Spells: 7/7 levels left

rFire   . . .        p - +0 flail (holy)
rCold   . . .        c - +0 buckler
rNeg    . . .        u - +0 plate armour
rPois   .            (helmet restricted)
rElec   .            (no cloak)
rCorr   .            (no gloves)
SInv    .            (boots unavailable)
Will    .....        x - amulet of faith Stlth
                     l - ring of wizardry
HPRegen 0.27/turn    (no ring)
MPRegen 0.11/turn

%: faith, wizardry (x1)
@: lethally poisoned (-1 -> -5), flying quickly and evasively, quick
A: beak, talons 3, nimble flight
a: no special abilities


You were on level 5 of the Dungeon.
You visited 1 branch of the dungeon, and saw 5 of its levels.
You also visited: Ossuary.

You collected 537 gold pieces.

Inventory:

Hand Weapons
 a - a +0 war axe
 p - a +0 flail of holy wrath (weapon)
 r - a +0 whip of venom
Missiles
 k - 7 poisoned darts (quivered)
 o - 3 throwing nets
Armour
 b - a +0 scale mail
 c - a +0 buckler (worn)
 u - a +0 plate armour (worn)
Jewellery
 l - a ring of wizardry (left hand)
 x - an amulet of faith (around neck)
Wands
 q - a wand of paralysis (6)
Scrolls
 g - 2 scrolls of poison
 h - 2 scrolls of teleportation
 i - a scroll of noise
 m - 2 scrolls of identify
 s - 2 scrolls of brand weapon
 t - 2 scrolls of enchant armour
 v - 2 scrolls of immolation
Potions
 d - a potion of might
 e - 5 potions of curing
 f - 5 potions of heal wounds {unknown}
 j - 2 potions of flight {unknown}
 n - 3 potions of haste {unknown}
 w - 3 potions of resistance {unknown}
 z - 3 potions of degeneration {unknown}
 A - a potion of attraction {unknown}
 B - a potion of magic {unknown}
 C - 3 potions of cancellation {unknown}


   Skills:
 - Level 3.0 Fighting
 * Level 10.1 Axes
 - Level 3.2 Armour
 * Level 2.3 Dodging
 * Level 3.9 Shields


You had 7 spell levels left.
You didn't know any spells.
Your spell library contained the following spells:

 Spells                   Type           Power      Damage    Failure   Level
 Magic Dart               Conj           0%         1d3       100%        1
 Call Imp                 Summ           0%         N/A       100%        2
 Mephitic Cloud           Conj/Pois/Air  0%         N/A       100%        3
 Animate Dead             Necr           0%         N/A       100%        4
 Haunt                    Necr/Summ      0%         N/A       100%        7
 Infestation              Necr           0%         N/A       100%        8


Dungeon Overview and Level Annotations

Branches:
Dungeon (5/15)            Ossuary (visited)
 Temple: D:4-7

Altars:
Nemelex Xobeh
Vehumet
Zin


Innate Abilities, Weirdness & Mutations

You have a beak for a mouth.
You have claws for feet.
Your magical nature lets you fly swiftly and evasively.


Message History

You feel sick. The killer bee stings you. x2
You miss the killer bee. Your kick misses the killer bee.
Your peck misses the killer bee.
The killer bee is severely wounded.
You feel sick. The killer bee stings you.
The killer bee stings you but does no damage.
You block the killer bee's attack.
You are too injured to fight recklessly!
You are too injured to fight recklessly!
You are too injured to fight recklessly!
Okay, then.
You hit the killer bee.
You kill the killer bee!
You feel sick.
The killer bee stings you but does no damage.
You closely miss the killer bee.
You feel sick.
The killer bee stings you but does no damage.
The killer bee stings you.
You miss the killer bee. You claw the killer bee.
The killer bee is lightly wounded.
You feel sick.
You are no longer poisoned.
The killer bee stings you but does no damage. x2
You miss the killer bee. Your kick misses the killer bee.
The killer bee is lightly wounded.
The killer bee barely misses you. You block the killer bee's attack.
You closely miss the killer bee. Your kick misses the killer bee.
The killer bee is lightly wounded.
The killer bee stings you but does no damage. x2
The killer bee barely misses you.
You barely miss the killer bee. Your kick misses the killer bee.
The killer bee is lightly wounded.
The killer bee stings you.
You are poisoned.
The killer bee poisons you! The killer bee stings you!
* * * LOW HITPOINT WARNING * * *
You miss the killer bee. Your kick misses the killer bee.
The killer bee is lightly wounded.
You feel sick. The killer bee stings you!
You die...

#.# #.####### #.# #.###
... #...# ### #.# #
#.#.## .....#.# #....##
#.#.#.# ##..#..###
#.†.$.# ##..###.... ##
#y# #..##.##... .. #>.
#@# #.##...##.# ..
#.#...#.######..##.##..#
.
.................##'...'
.
###...########....#..###
#..# #........# # #.#
#...##.#.# #^ #...##.#.#
# #..<...#.# #
#..##..#.#


You could see a killer bee.

Vanquished Creatures
  Grinder (D:5)
  2 phantoms
  A bullfrog (D:5)
  A killer bee (D:5)
  A howler monkey (D:4)
  3 jellies
  2 sleepcaps
  3 iguanas
  An orc wizard (D:3)
  8 mummies (Ossuary)
  14 gnolls
  6 adders
  An ufetubus (D:4)
  A worm (D:3)
  A dart slug (D:4)
  6 orcs
  9 ball pythons
  13 endoplasms
  3 giant cockroaches
  7 goblins
  3 hobgoblins
  6 jackals
  13 kobolds
  6 quokkas
  6 bats
  5 frilled lizards
  3 gnoll zombies (Ossuary)
  3 hobgoblin zombies (Ossuary)
  A kobold zombie (Ossuary)
  An orc zombie (Ossuary)
  3 rats
134 creatures vanquished.

Notes
Turn   | Place    | Note
-------+----------+-------------------------------------------
     0 | D:1      | Kurtz the Tengu Fighter began the quest for the Orb.
     0 | D:1      | Reached XP level 1. HP: 14/14 MP: 2/2
    68 | D:1      | Reached XP level 2. HP: 17/19 MP: 3/3
    81 | D:1      | Reached skill level 3 in Axes
   248 | D:1      | Reached XP level 3. HP: 19/23 MP: 4/4
   318 | D:1      | Reached skill level 4 in Axes
   712 | D:2      | Found a radiant altar of Vehumet.
   937 | D:2      | Reached XP level 4. HP: 28/28 MP: 5/5
  1078 | D:2      | Reached skill level 5 in Axes
  1309 | D:2      | Gained mutation: Your magical nature lets you fly swiftly
                  | and evasively. [Tengu growth]
  1309 | D:2      | Reached XP level 5. HP: 24/32 MP: 6/6
  1406 | D:3      | Reached skill level 6 in Axes
  1821 | D:3      | Reached XP level 6. HP: 37/37 MP: 7/7
  2066 | D:3      | Found a sparkling altar of Nemelex Xobeh.
  2271 | D:4      | Found a glowing silver altar of Zin.
  2285 | D:4      | Reached skill level 7 in Axes
  2530 | D:4      | Reached XP level 7. HP: 36/41 MP: 8/8
  2533 | D:4      | Reached skill level 1 in Dodging
  2732 | D:4      | Reached skill level 8 in Axes
  3167 | D:5      | Entered Level 5 of the Dungeon
  3354 | D:5      | Found a sand-covered staircase.
  3359 | Ossuary  | Entered an ossuary
  3421 | Ossuary  | Reached skill level 9 in Axes
  3617 | D:5      | Noticed Grinder
  3619 | D:5      | Paralysed by Grinder for 3 turns
  3625 | D:5      | Killed Grinder
  3626 | D:5      | Reached XP level 8. HP: 36/46 MP: 9/9
  4239 | D:5      | Reached skill level 10 in Axes
  4707 | D:5      | Slain by a killer bee

Illustrated notes

Levels and vault maps discovered:
D:1:      grunt_arrival_crossed_arrows, layout_rooms
D:2:      kb_forest_paths, layout_loops_ring, basic_altar
D:3:      layout_rooms, mainiacjoe_overflow_chevrons
D:4:      layout_cave_pools, mainiacjoe_overflow_small_starburst,
          grunt_tough_drop
D:5:      layout_loops_corners, enter_ossuary_5, uniq_grinder

Skill      XL: |  1  2  3  4  5  6  7  8 |
---------------+-------------------------+-----
Axes           | 3 4 5 6 7 9 10 | 10.1
Dodging        | 2 |  2.3
Fighting       | |  3.0
Armour         | |  3.2
Shields        | |  3.9

Action                     |  1- 3 |  4- 6 |  7- 9 || total
---------------------------+-------+-------+-------++-------
  Melee: War axe           |    76 |    75 |       ||   151
         Peck              |    10 |    31 |    36 ||    77
         Kick              |    12 |    30 |    52 ||    94
         Whip              |       |    70 |    74 ||   144
         Flail             |       |       |    88 ||    88
    Use: Potion            |       |     1 |       ||     1
         Scroll            |       |       |     6 ||     6
 Armour: Scale mail        |    41 |    42 |       ||    83
         Plate armour      |       |    26 |    55 ||    81
  Dodge: Dodged            |    37 |    49 |    43 ||   129
  Block: Buckler           |    21 |    32 |    37 ||    90
